[Event "CZE-ch U16 Open 2023"]
[Site "Teplice"]
[Date "2023.03.14"]
[Round "5.3"]
[White "Kubin, Tomas Daniel"]
[Black "Lang, Simon"]
[Result "0-1"]
[ECO "B84"]
[WhiteElo "1936"]
[BlackElo "1974"]
[Annotator "TA"]
[PlyCount "54"]
[EventDate "2023.03.09"]
[EventType "swiss"]
[EventCountry "CZE"]
[SourceTitle "playchess.com"]
[Source "ChessBase"]
[SourceQuality "1"]
[TimeControl "40/5400+30:1800+30"]

1. e4 c5 2. Nf3 d6 3. d4 cxd4 4. Nxd4 Nf6 5. Nc3 a6 6. Be2 e6 7. a4 Nc6 8. Be3 Be7 9. O-O O-O 10. f4 Qc7 11. Nb3 b6 12. g4 Re8 13. g5 {[%emt 0:07:17] B85: Sicilian Scheveningen: 6 Be2 a6, lines with early Be3.} Nd7 14. Qe1 {[%emt 0:04:54] [#]} Bb7 $146 ({Predecessor:} 14... Bf8 15. Qh4 g6 16. f5 Nde5 17. Rf4 Nb4 18. Qf2 Nxc2 19. Bxb6 Qb8 20. Rf1 Bd7 {0-1 Bernard,B (2288)-Juptner,J (2241) CZE-chT2c 0405 2004 (3.1)}) 15. f5 (15. Qf2 $11 {might be stronger.}) 15... exf5 $15 {[%emt 0:06:42] [#] ...Nb4 would be deadly.} 16. exf5 (16. Nd5 Qd8 17. Qg3 (17. exf5 $2 Bxg5 18. Qg3 Bxe3+ 19. Nxe3 Nf6 $19) (17. Rxf5 g6 $17) 17... fxe4 $17) 16... Nb4 $1 (16... Nce5 17. Qg3 $11 (17. Nd4 Nc4 $11)) 17. Nd4 Bf8 (17... Bf6 $15 18. gxf6 Rxe3) 18. Qg3 $36 {[%emt 0:04:30][%mdl 2048] White is pushing.} g6 (18... Qc5 $11) 19. h4 Ne5 20. fxg6 (20. Rad1 $14) 20... hxg6 (20... fxg6 {looks sharper.} 21. Rf6 Bg7 22. h5 Bxf6 23. gxf6 Qf7) 21. h5 Re7 22. Rf4 Nec6 $2 (22... Rae8 $11 {and Black has nothing to worry.}) 23. Raf1 (23. hxg6 $142 Nxd4 24. Bxd4) 23... Bg7 $2 (23... Rae8 24. hxg6 Ne5 25. gxf7+ Rxf7 26. Rxf7 Nxf7 27. g6 $18) (23... Ne5 24. R1f2 (24. Qh2 Bg7 $16) 24... Bg7) 24. Nxc6 $2 (24. hxg6 $18 {Intending Qh3 and mate.} Rxe3 25. Qh4 (25. gxf7+ Kf8 $18) 25... Rg3+ 26. Kh2 Rg2+ 27. Kh1) 24... Qxc6 $17 (24... Rxe3 $2 25. Qxe3 Qxc6 26. Bf3 $18 (26. Rxb4 $2 Qg2#)) 25. Rxb4 $4 {[%emt 0:00:35][%mdl 8192] [#]} (25. Bd4 $15 Nd5 26. Bf3) 25... Rxe3 $1 $19 {[%emt 0:00:26][%mdl 576] Double Attack. Black is clearly winning.} 26. Qh2 Qc5 ({And not} 26... Bxc3 27. hxg6 $19) 27. Qf2 Rg3+ {An exciting game.   Weighted Error Value: White=1.02/Black=0.70} ({Less strong is} 27... Qxg5+ 28. Rg4 Qc5 29. hxg6 $14 (29. Qxf7+ Kh8 $11)) (27... Qxb4 $142 28. Qxf7+ Kh8) 0-1

[Event "CZE-ch U16 Open 2023"]
[Site "Teplice"]
[Date "2023.03.14"]
[Round "5.4"]
[White "Janous, Marek"]
[Black "Werner, Hong Quan Dan"]
[Result "1/2-1/2"]
[ECO "B31"]
[WhiteElo "2124"]
[BlackElo "2085"]
[Annotator "TA"]
[PlyCount "82"]
[EventDate "2023.03.09"]
[EventType "swiss"]
[EventCountry "CZE"]
[SourceTitle "playchess.com"]
[Source "ChessBase"]
[SourceQuality "1"]
[TimeControl "40/5400+30:1800+30"]

1. e4 c5 2. Nf3 Nc6 3. Bb5 g6 4. Bxc6 dxc6 5. d3 Bg7 6. h3 Nf6 7. Nc3 Nd7 {[%emt 0:00:37] B31: Sicilian: 2...Nc6 3 Bb5 g6.} 8. O-O e5 9. Be3 b6 $1 {[%emt 0:00:37][%mdl 4] now scores much better than the old 9...Qe7.} 10. Qd2 h6 11. Nh2 Nf8 12. f4 exf4 13. Bxf4 g5 14. Bg3 Ng6 15. Rae1 O-O {[%emt 0:04:45] [#]} 16. Kh1 $146 (16. e5 $14) ({Predecessor:} 16. Qe2 Re8 17. Qf3 Re7 18. Ng4 Bxg4 19. Qxg4 c4 20. Rd1 cxd3 21. Rxd3 Qc8 22. Qf5 {½-½ Andreev,E (2420)-Alekseev,E (2623) BL2-West 1920 2019 (3.1)}) 16... Be6 17. Qe2 Qd7 18. Qh5 (18. e5 $1 $14) 18... Kh7 {[%emt 0:09:32] [#]} (18... Rae8 $11) 19. e5 $1 $16 {[%emt 0:05:51] Strongly threatening Ne4.} f5 {[%emt 0:05:49] Wards off Ne4. Threatens to win with ...f4.} 20. exf6 Bxf6 {[%emt 0:00:24] [#]} 21. Rxf6 $1 Rxf6 $14 22. Ne4 $1 Raf8 23. Nxf6+ (23. Nf3 {keeps more tension.} Kg7 24. Ne5 Qd5 25. Kh2) 23... Rxf6 24. Ng4 (24. a4 $14) 24... Bxg4 $11 25. Qxg4 Qf7 (25... Qxg4 $11 {keeps the balance.} 26. hxg4 Kg7) 26. Qc4 {[%emt 0:01:53] White is more active.} ({White should try} 26. Kh2 $16) 26... Rf1+ (26... Qxc4 $11 {remains equal.} 27. dxc4 Kg7) 27. Kh2 (27. Rxf1 $16 Qxf1+ 28. Kh2) 27... Qxc4 {[%emt 0:03:53] The position is equal.} 28. dxc4 Rxe1 29. Bxe1 {[%emt 0:00:07][%mdl 4096] Endgame KB-KN} Ne5 30. b3 Kg6 31. Bc3 Kf5 32. Kg3 h5 33. Kf2 b5 34. cxb5 cxb5 35. Bd2 Nc6 36. c3 Nd8 37. Kf3 {[%emt 0:10:02] aiming for g4+.} Ne6 38. g4+ hxg4+ 39. hxg4+ Ke5 40. Be1 Kd5 41. Bd2 a6 {[%emt 0:30:53] Weighted Error Value: White=0.18 (very precise) /Black=0.21 (precise)} 1/2-1/2

[Event "CZE-ch U16 Open 2023"]
[Site "Teplice"]
[Date "2023.03.14"]
[Round "5.5"]
[White "Hladky, Tadeas"]
[Black "Dolensky, Filip"]
[Result "1/2-1/2"]
[ECO "C03"]
[WhiteElo "1973"]
[BlackElo "2108"]
[Annotator "TA"]
[PlyCount "173"]
[EventDate "2023.03.09"]
[EventType "swiss"]
[EventCountry "CZE"]
[SourceTitle "playchess.com"]
[Source "ChessBase"]
[SourceQuality "1"]
[TimeControl "40/5400+30:1800+30"]

1. e4 e6 2. d4 d5 3. Nd2 Be7 4. Ngf3 Nf6 5. Bd3 c5 6. dxc5 Nc6 {[%emt 0:03:28] C03: French Tarrasch: Unusual Black 3rd moves.} (6... dxe4 $11 7. Nxe4 Nxe4 8. Bxe4 Qxd1+ 9. Kxd1 Bxc5) 7. O-O O-O 8. a3 a5 {[%emt 0:03:53] White has an edge.} 9. exd5 exd5 10. h3 Bxc5 {[%emt 0:02:37] [#]} 11. Nb3 $146 ({Predecessor:} 11. b3 Qd6 12. Bb2 Re8 13. Re1 Bxh3 14. gxh3 Qg3+ 15. Kh1 Qxh3+ 16. Kg1 Bxf2+ 17. Kxf2 Ng4+ 18. Kg1 Qg3+ 19. Kh1 Nf2# {0-1 Indriunas,M (1792)-Kalvaitis,S (2169) Plunge op-A 38th 2018 (3)}) 11... Bd6 12. Re1 h6 13. Be3 Re8 14. Nbd4 Be6 15. Nxe6 Rxe6 16. Nd4 Re8 17. Nf5 Be5 18. c3 Ne7 19. Qf3 {[%emt 0:15:39][%cal Oe3h6] White has more active pieces.} Nxf5 20. Qxf5 Qc7 21. Rad1 Rad8 22. Bb5 {[%emt 0:10:22] This pair of bishops is nice.} Re6 23. a4 Ne4 24. Qf3 Rf6 25. Qe2 Rg6 (25... Bh2+ $15 26. Kh1 Bg3) 26. Bd3 $14 f5 ({Don't do} 26... Bh2+ 27. Kh1 Re8 28. Bb5 $16) (26... Re6 $14) 27. Bd4 (27. Bb1 $16) 27... Bxd4 $11 28. cxd4 Qf4 29. Bxe4 (29. f3 $11 Ng5 30. Kh1) 29... fxe4 $17 ({But not} 29... dxe4 $6 30. d5 $11) 30. Rc1 Rf8 31. Rc3 Rg5 32. Rf1 Rf6 33. Kh1 Qh4 34. Kh2 Qf4+ (34... Rgf5 $5 ) 35. Kh1 Rfg6 36. Rg1 Rf5 $40 {[%emt 0:00:33][%mdl 128] Black attacks.} 37. Rf1 (37. f3 $1 $11 {remains equal.}) 37... Kh7 38. Rb3 b6 39. Rc3 Rgf6 40. Kg1 Rg6 (40... Qg5 $15) 41. Kh1 $1 Qh4 42. Kh2 Qf6 43. Qe3 ({White must play} 43. Qd2 $1 $15) 43... Qd6+ $1 $19 44. Kh1 {[%emt 0:00:00] [#]} Rgf6 (44... Qd7 $1 $17 45. f4 Qxa4) 45. Kg1 Qb4 46. b3 Rg6 47. Kh1 Qe7 48. Qe2 (48. f4 $15) 48... Qf6 (48... Qh4 {feels hotter.} 49. Kh2 Qg5 50. f3 Qf4+) 49. Qe3 Qh4 {[%emt 0:00:00][%cal Of5f3] Strongly threatening ...Rf3!} 50. Kh2 Qf6 51. Kh1 Qd6 52. Qe2 Qb4 53. Qe3 Rgf6 54. Kg1 $1 b5 55. axb5 Qxb5 56. Rc5 Qd7 {[%emt 0:00:00][%cal Of5f3] ...Rf3! would be deadly.} 57. Rc3 Rg5 {[%emt 0:00:00] White must now prevent ...Rf3.} 58. Kh2 Qd6+ 59. Kh1 Rgf5 60. Kg1 Qe6 61. Qe2 Rg5 62. Kh2 Qd6+ 63. Kh1 Rgf5 64. Kg1 $1 Qb4 65. Qe3 Rf7 66. Rc5 Qb7 ({Black should play} 66... Qb6 $15) 67. Rc3 (67. Rxa5 $11 Qc6 68. Qc1 Qxc1 69. Rxc1) 67... Qd7 68. Qe2 Rg5 69. Kh2 Qd6+ 70. Kh1 Qg6 71. Rg1 (71. f3 $142) 71... Qf6 $17 72. f3 Qxd4 73. Re3 {[%emt 0:01:34] [#]} (73. Qc2 $17) 73... exf3 (73... Rg3 $1 $19 {[%cal Of7f3] aiming for ...Rfxf3!} 74. Rd1 Qb6) 74. Rxf3 Rxf3 75. Qxf3 $19 {[%emt 0:00:03][%mdl 4096] Endgame KQR-KQR} Qe4 76. Rd1 Qxf3 (76... Rf5 $17 77. Qd3 Qxd3 78. Rxd3 Kg6) 77. gxf3 $17 {[%emt 0:00:04] KR-KR} Rg3 78. Rxd5 {[%emt 0:00:08] The position is equal.} Rxf3 79. Kg2 Rxb3 80. Rxa5 Kg6 81. Rc5 h5 82. h4 Rd3 83. Rg5+ Kh6 84. Ra5 Rc3 85. Rb5 g6 86. Rb7 Rc4 87. Rb5 $2 {[%mdl 40960] Weighted Error Value: White=0.19 (very precise) /Black=0.23 (precise) . An unexpected result.} (87. Kh3 $11) 1/2-1/2

[Event "CZE-ch U16 Open 2023"]
[Site "Teplice"]
[Date "2023.03.14"]
[Round "5.6"]
[White "Tesar, Jakub"]
[Black "Mametev, Artem"]
[Result "1/2-1/2"]
[ECO "B22"]
[WhiteElo "1960"]
[BlackElo "2074"]
[Annotator "TA"]
[PlyCount "83"]
[EventDate "2023.03.09"]
[EventType "swiss"]
[EventCountry "CZE"]
[SourceTitle "playchess.com"]
[Source "ChessBase"]
[SourceQuality "1"]
[TimeControl "40/5400+30:1800+30"]

1. e4 c5 2. c3 d5 3. exd5 Qxd5 4. d4 Nc6 5. Nf3 Bf5 6. Be3 cxd4 {[%emt 0:00:11] B22: Sicilian: 2 c3.} 7. Nxd4 Nf6 8. Nxf5 Qxf5 {[%emt 0:00:02] White is slightly better.} 9. Bd3 Qd5 {[%emt 0:00:07] [#] aiming for ...0-0-0.} 10. O-O O-O-O 11. Be2 {[%emt 0:00:44] Strongly threatening Qa4. This pair of bishops is nice.} Qxd1 12. Rxd1 Rxd1+ 13. Bxd1 Nd5 14. Bc1 e6 15. Be2 Be7 16. g3 Rd8 17. Nd2 {[%emt 0:14:52] [#]} f5 $146 ({Predecessor:} 17... Bg5 18. f4 Be7 19. Nb3 g6 20. Kg2 h5 21. Bd2 Bd6 22. Rd1 Bc7 23. Na1 Bb6 {½-½ Kotainy,J (2413)-Wirig,A (2490) Neckar op-A 17th 2013 (7)}) 18. Nf1 g5 19. Bd2 e5 20. Rd1 f4 21. Bc1 Nf6 22. Rxd8+ Kxd8 23. Nd2 e4 24. Nb3 Bd6 25. Kf1 h6 26. Bd2 e3 {[%emt 0:02:37][%mdl 64] [#] Deflection} 27. fxe3 (27. Be1 {simplifies} exf2 28. Kxf2 fxg3+ 29. hxg3 Ke7 30. Kg2) 27... fxg3 28. h3 h5 29. Kg2 h4 30. Bf3 Kc7 ({Black should try} 30... Ne5 $15 31. Be2 (31. Bxb7 Kc7 $15) 31... g4) 31. e4 (31. Nd4 $11) 31... Bf4 $15 32. Bxf4+ gxf4 {[%emt 0:00:01][%mdl 4096] Endgame KBN-KNN} 33. Nc5 $1 Nd8 34. e5 Nd7 35. Nd3 Ne6 36. b4 $1 {[%emt 0:01:22] Repels Ndc5} Kd8 (36... b5 $11) 37. Bxb7 (37. Bd5 $5 Nef8 38. e6 $16 (38. Bxb7 Ng6 $16) (38. Nxf4 b6 $14)) 37... Nb6 $1 38. Nb2 (38. Kh1 $14) 38... Kc7 (38... f3+ $1 $11 39. Bxf3 (39. Kxf3 Kc7 $17) 39... Nf4+ 40. Kh1 Nxh3) 39. Bf3 $14 Ng5 40. c4 (40. a4 $1 $14) 40... Nd7 $11 41. Nd3 {[%emt 0:30:23] Threatens to win with Bd5.} Nb6 42. Nb2 {[%emt 0:00:00] Weighted Error Value: White=0.14 (very precise) /Black=0.14 (very precise)} 1/2-1/2

[Event "CZE-ch U16 Open 2023"]
[Site "Teplice"]
[Date "2023.03.14"]
[Round "5.7"]
[White "Tillmann, Stanislav"]
[Black "Simunek, Jakub Simon"]
[Result "1/2-1/2"]
[ECO "D00"]
[WhiteElo "1907"]
[BlackElo "1970"]
[Annotator "TA"]
[PlyCount "87"]
[EventDate "2023.03.09"]
[EventType "swiss"]
[EventCountry "CZE"]
[SourceTitle "playchess.com"]
[Source "ChessBase"]
[SourceQuality "1"]
[TimeControl "40/5400+30:1800+30"]

1. d4 d5 2. Nc3 c5 3. Bf4 Nf6 4. e3 a6 5. Nf3 Nc6 6. Be2 {[%emt 0:03:28] D00: 1 d4 d5: Unusual lines.} Bf5 7. a3 (7. dxc5 $14 e6 8. Na4) 7... e6 $11 8. Ne5 {[%emt 0:07:17] [#]} Bd6 $146 ({Predecessor:} 8... Rc8 9. g4 cxd4 10. exd4 Be4 11. f3 Bg6 12. h4 h6 13. Nxg6 fxg6 14. Qd3 Kf7 {½-½ Jacobsen,H (1873)-Petersen,T (1986) FAI-chT 2021 2020 (10.3)}) 9. g4 cxd4 10. exd4 Be4 11. f3 {[%emt 0:00:52] [#] Nxc6 would be deadly.} Bg6 12. h4 h6 13. Nxg6 fxg6 14. Qd2 Rf8 (14... Bxf4 $5 15. Qxf4 O-O $11) 15. Bxd6 Qxd6 16. O-O-O Nd7 17. Bd3 (17. Qd3 $14) 17... O-O-O 18. Qe3 (18. Rhf1 $11) 18... Qf4 ({Better is} 18... e5 $17 19. dxe5 Ndxe5) 19. Rhe1 ({White should play} 19. Qxf4 $15 Rxf4 20. Ne2 Rxf3 21. Bxg6) 19... Nxd4 $17 (19... Qxd4 20. Qxe6 Rf6 21. Qxd5 $16) 20. Bxg6 (20. Bf5 $142 Qxe3+ 21. Rxe3) 20... Nxf3 21. Qxf4 Rxf4 22. Rxe6 Nf8 {[%emt 0:01:24] A dynamic duo of knights.} ({Don't do} 22... Rxg4 23. Bh5 (23. Rxd5 Rg1+ 24. Nd1 Nf6 $15) (23. Nxd5 Nd4 $14) 23... Rf4 24. Nxd5 $18) 23. Rb6 Nxg6 ({Stronger than} 23... Nxh4 24. Bd3 $15) (23... Kc7 $17 24. Rxd5 Rd4 25. Rxd8 Rxd8 26. Rxb7+ {[%mdl 64] Decoy} Kxb7 27. Be4+ Ka7 28. Bxf3 Ng6) 24. Rxg6 $11 d4 25. Ne2 Rf7 26. h5 Ne5 27. Re6 Nxg4 28. Rxd4 Rf1+ 29. Kd2 Rxd4+ 30. Nxd4 $15 {[%emt 0:00:07][%mdl 4096] Endgame KRN-KRN} Nf6 31. Re7 Nxh5 32. Ne6 g5 {[%emt 0:00:37] aiming for ...g4.} 33. Rh7 {[%emt 0:01:18] The position is equal.} Rf6 (33... g4 $5 34. Rh8+ Kd7 35. Nc5+ Kd6 36. Rxh6+ (36. Nxb7+ Kd5 $17) 36... Kxc5 37. Rxh5+ Kd4 $15) 34. Nxg5 hxg5 35. Rxh5 $11 {[%emt 0:00:08] KR-KR} Rf2+ 36. Kd3 Rg2 37. Rh7 Kb8 38. Rg7 Kc8 39. a4 Rg4 40. a5 Rb4 41. Kc3 Rb5 42. b4 Kb8 43. Kb3 Rf5 44. c3 {[%emt 0:00:00] Weighted Error Value: White=0.18 (very precise) /Black=0.16 (very precise)} 1/2-1/2

[Event "CZE-ch U16 Open 2023"]
[Site "Teplice"]
[Date "2023.03.14"]
[Round "5.8"]
[White "Davidek, Zdenek"]
[Black "Svoboda, Daniel"]
[Result "1/2-1/2"]
[ECO "D27"]
[WhiteElo "1957"]
[BlackElo "1748"]
[Annotator "TA"]
[PlyCount "96"]
[EventDate "2023.03.09"]
[EventType "swiss"]
[EventCountry "CZE"]
[SourceTitle "playchess.com"]
[Source "ChessBase"]
[SourceQuality "1"]
[TimeControl "40/5400+30:1800+30"]

1. d4 d5 2. Nf3 Nf6 3. c4 dxc4 4. e3 e6 5. Bxc4 c5 6. O-O a6 7. a4 cxd4 8. exd4 Nc6 9. Nc3 Be7 10. Re1 O-O 11. Bg5 {[%emt 0:09:55] 11.Bf4 is the modern continuation.} h6 12. Bh4 Bd7 {[%emt 0:02:14] D27: Queen's Gambit Accepted: Classical main line: 7 e4!? and 7 a4.} 13. Qe2 Nd5 14. Bxe7 Ncxe7 {[%emt 0:01:38] [#] The position is equal.} 15. Ne4 $146 (15. Nxd5 $11 Nxd5 16. Ne5) ({Predecessor:} 15. Nxd5 Nxd5 16. Bxd5 exd5 17. Qd3 Re8 18. Rxe8+ Bxe8 19. b3 Rc8 20. h3 b5 21. axb5 Bxb5 {0-1 Berner,R-Fischer,K Liga 2019 21539-K3-G3}) 15... Bc6 $15 16. Ne5 Rc8 ({Black should play} 16... Nb6 $17) 17. a5 Nf5 18. Red1 (18. Qg4 {keeps more tension.} Nxd4 19. Rad1 Nc2 20. Nxf7 Rxf7 21. Qxe6 Nxe1 22. Nd6) 18... Nf4 19. Qg4 Qh4 (19... Bd5 $15 20. Qxf4 Bxc4) 20. Qxh4 $11 Nxh4 21. Nxc6 Rxc6 22. Bf1 Nf5 23. Ra3 Rd8 24. g3 Nxd4 {[%emt 0:09:07] ...Nde2+ is the strong threat.} 25. gxf4 Nf3+ $1 {[%emt 0:00:22][%mdl 64] [#] Discovered Attack} 26. Rxf3 Rxd1 27. Kg2 Rb1 (27... Rd4 $15 28. Rd3 Rxd3 29. Bxd3 f5) 28. Rb3 $14 Ra1 $1 29. Rxb7 {[%emt 0:00:56] [#] Strongly threatening b4.} Rxa5 30. Bd3 {[%emt 0:00:26] Threatening mate with Rb8+.} f5 $1 31. Nc3 Rac5 32. Ra7 Ra5 (32... Rd6 $11 {remains equal.} 33. Bf1 (33. Bxa6 Ra5 $15) 33... Rcc6) 33. Rb7 (33. h4 $16) 33... Rac5 $1 34. Kf1 Kh7 (34... Rd6 $11 35. Ke2 g5) 35. Ke2 Kg6 36. Rb4 {[%emt 0:01:57] White is much more active.} (36. Na4 $14 Rc1 37. b4) 36... Rd6 37. Rb7 Kf6 38. Rb4 Kf7 (38... a5 $11 {feels stronger.} 39. Ra4 Rb6) 39. Ra4 Rb6 40. Ra2 {[%emt 0:00:01] aiming for Na4.} Rd6 (40... Rb4 $11) 41. Bxa6 Rd4 42. Ke3 Rb4 43. Bd3 (43. h4 $14) 43... Kf6 44. Ra6 g5 45. fxg5+ hxg5 46. Ra1 (46. Nd1 $11) 46... Rxb2 $15 47. Ra3 Rc7 (47... g4 $17 {Hoping for ...Re5+.} 48. Be2 Rc8) 48. Kf3 (48. Ne2 $15 {might be stronger.}) 48... Rh7 {[%emt 0:02:48] Weighted Error Value: White=0.24 (precise) /Black=0.20 (precise)} 1/2-1/2

[Event "CZE-ch U16 Open 2023"]
[Site "Teplice"]
[Date "2023.03.14"]
[Round "5.9"]
[White "Vilimek, Vit"]
[Black "Hozda, Max"]
[Result "1-0"]
[ECO "B01"]
[WhiteElo "2018"]
[BlackElo "2067"]
[Annotator "TA"]
[PlyCount "43"]
[EventDate "2023.03.09"]
[EventType "swiss"]
[EventCountry "CZE"]
[SourceTitle "playchess.com"]
[Source "ChessBase"]
[SourceQuality "1"]
[TimeControl "40/5400+30:1800+30"]

1. e4 d5 2. exd5 Qxd5 3. Nc3 Qa5 4. d4 Nf6 5. Bc4 c6 6. Nf3 Bf5 7. O-O Nbd7 8. Re1 e6 9. Ne5 (9. a3 $1 $11) 9... Nxe5 $15 {[%emt 0:19:05] B01: Scandinavian Defence.} 10. Rxe5 Qb4 11. Qe2 {[%emt 0:17:21] [#]} O-O-O $1 {[%emt 0:01:23] Black is better.} 12. a3 Qb6 {[%emt 0:01:07] [#]} 13. Be3 $146 ({Predecessor:} 13. Rxf5 exf5 14. Bxf7 Bd6 15. Qc4 Rhf8 16. Be6+ Kb8 17. Bxf5 Qa5 18. Qd3 g6 19. Bh3 {½-½ Stefansson,H (2470)-Westerinen,H (2420) Gausdal Int 1991 (9)}) 13... Ng4 14. b4 (14. Na4 $2 Qc7 15. Bf4 Nxe5 16. Bxe5 Bd6 $19) (14. Rxf5 $17 exf5 15. Rb1) 14... Rxd4 $2 (14... Qc7 $19 {...f6 would be deadly.} 15. Bf4 Nxe5) 15. Bxd4 $11 Qxd4 16. Rxf5 exf5 (16... Qxc3 $2 17. Rd1 (17. Rxf7 $2 Qxa1+ 18. Qf1 Qe5 $19) 17... Bxb4 18. Rxf7 $18) 17. Qe8+ Kc7 18. Qxf7+ (18. Bxf7 Qxf2+ 19. Kh1 Qf4) 18... Qd7 ({Resist} 18... Kb8 19. Qe8+ (19. Qxf5 $2 {perishes.} Bd6 $19) 19... Kc7 20. Rd1 Qxf2+ 21. Kh1 $14) 19. Re1 g6 20. Re8 Bg7 {[%emt 0:00:10][%mdl 8192] [#] Black is weak on the light squares} (20... Qxf7 $11 21. Bxf7 Bg7 22. Rxh8 Bxh8) 21. Re7 $18 Rd8 22. Qxg7 {[%emt 0:00:17] What a bad dream for Black.   Weighted Error Value: White=0.25 (precise) /Black=0.32} ({Weaker is} 22. Rxd7+ Rxd7 23. Qe6 Bxc3 $16) 1-0

[Event "CZE-ch U16 Open 2023"]
[Site "Teplice"]
[Date "2023.03.14"]
[Round "5.10"]
[White "Pelc, Adam"]
[Black "Mohapl, Tomas"]
[Result "1-0"]
[ECO "B24"]
[WhiteElo "1871"]
[BlackElo "1946"]
[Annotator "TA"]
[PlyCount "67"]
[EventDate "2023.03.09"]
[EventType "swiss"]
[EventCountry "CZE"]
[SourceTitle "playchess.com"]
[Source "ChessBase"]
[SourceQuality "1"]
[TimeControl "40/5400+30:1800+30"]

1. e4 c5 2. Nc3 Nc6 3. g3 g6 4. Bg2 Bg7 5. Nge2 Nf6 6. d3 d6 7. O-O O-O 8. h3 Rb8 {[%emt 0:03:25] 8...Rb8 is better than 8...Bd7.} 9. f4 Bd7 {[%emt 0:12:18] [#]} 10. Qe1 $146 {[%emt 0:11:15] B25: Closed Sicilian: 3 g3, lines without early Be3.} ({Predecessor:} 10. Be3 b5 11. a3 a5 12. a4 b4 13. Nb5 Ne8 14. Rb1 Nc7 15. c4 Nxb5 16. axb5 Nd4 17. Nxd4 cxd4 18. Bd2 e5 19. f5 {0-1 Demchenko,A (2679)-Jones,G (2682) Wch Blitz St Petersburg 2018 (13)}) 10... b5 11. Nd1 Ne8 12. Ne3 {[%emt 0:04:13] The position is equal.} Nd4 13. c3 Nxe2+ 14. Qxe2 b4 15. Bd2 e6 16. f5 Bb5 (16... bxc3 $11 {remains equal.} 17. Bxc3 Bxc3 18. bxc3 Qg5) 17. Ng4 (17. fxe6 {simplifies} fxe6 18. Rxf8+ Bxf8 19. Ng4) 17... h5 $2 {[%emt 0:02:20] Loses the game.} (17... exf5 $14 18. exf5 Kh8) 18. Nh6+ $18 Kh7 19. fxg6+ fxg6 20. Nf7 Qe7 21. Ng5+ Kg8 22. Rxf8+ ({Much less strong is} 22. cxb4 $6 Nc7 $16) 22... Bxf8 23. Rf1 {[%emt 0:00:37] aiming for Rf7.} (23. cxb4 cxb4 24. Rf1 Nf6 $16) 23... Bd7 (23... bxc3 $142 24. bxc3 Ng7) 24. e5 {[%emt 0:02:28][%cal Be4e5,Be5f6,Bf6f7][%mdl 32] Hoping for Be4.} ({But not} 24. Rf7 Qxf7 25. Nxf7 bxc3 26. Bxc3 Kxf7) 24... d5 {[%emt 0:02:58] Inhibits Be4.} (24... bxc3 $142 25. bxc3 dxe5) 25. Rf7 Qd8 $2 {[%emt 0:00:01] [#]} (25... Qxf7 26. Nxf7 bxc3 27. bxc3 Rb1+ 28. Kh2 Kxf7) 26. Rxf8+ $1 Kxf8 27. Qf2+ Nf6 28. exf6 {[%emt 0:00:03] Intending Bf4 and mate.} bxc3 {[%emt 0:01:29] Black is weak on the dark squares} 29. Qxc5+ Kg8 30. f7+ Kg7 31. Bxc3+ Kh6 {[%emt 0:00:01] [#]} 32. Qe3 Qb6 33. Bd4 {[%emt 0:00:09][%mdl 64] Skewer} (33. Nxe6+ $2 {too greedy.} Qxe3+ 34. Kh2 Qxe6 $19) 33... Qd6 34. Ne4+ {[%emt 0:00:15] Artfully played by Pelc.   Weighted Error Value: White=0.11 (very precise) /Black=0.89} 1-0

[Event "CZE-ch U16 Open 2023"]
[Site "Teplice"]
[Date "2023.03.14"]
[Round "5.11"]
[White "Zezula, Jakub"]
[Black "Sigut, Ondrej"]
[Result "1-0"]
[ECO "C07"]
[WhiteElo "1963"]
[BlackElo "1804"]
[Annotator "TA"]
[PlyCount "65"]
[EventDate "2023.03.09"]
[EventType "swiss"]
[EventCountry "CZE"]
[SourceTitle "playchess.com"]
[Source "ChessBase"]
[SourceQuality "1"]
[TimeControl "40/5400+30:1800+30"]

1. e4 e6 2. d4 d5 3. Nd2 c5 4. exd5 Qxd5 5. Ngf3 cxd4 6. Bc4 Qd6 7. O-O Nc6 8. Nb3 Nf6 9. Nbxd4 Nxd4 10. Nxd4 a6 11. Bb3 Qc7 12. Re1 Bd6 13. Nf5 Bxh2+ 14. Kh1 O-O 15. Nxg7 $1 {[%emt 0:00:05][%cal Od1d4] aiming for Qd4!} Kxg7 {[%emt 0:25:22] C07: French Tarrasch: 3...c5, 4 Ngf3 and 4 exd5 Qxd5.} (15... Rd8 $14 16. Qf3 Kxg7 17. Bh6+ Kg6) 16. Qd4 $1 $16 e5 (16... h6 $2 17. Bxh6+ (17. Qh4 Rh8 $16) 17... Kg6 18. Bxf8 $18) 17. Qh4 {[%emt 0:00:28][%mdl 1024] White has strong compensation.} Ng4 {[%emt 0:02:43] Prevents Bh6+. ...Qd8 is the strong threat. White is better.} 18. f3 $1 Qd8 {[%emt 0:04:05] [#]} (18... Qd6 $16) 19. Bg5 $1 $18 f6 {[%emt 0:04:33] [#]} 20. Bc1 ({Don't do} 20. fxg4 $6 fxg5 21. Qxh2 Rf4 $16) 20... Bf4 (20... f5 $2 21. Bg5 $18) 21. Bxf4 ({Worse is} 21. fxg4 Bxc1 22. Raxc1 Qd4 $15) 21... exf4 22. Rad1 {[%emt 0:01:34] [#]} Qc7 $146 {[%emt 0:00:43] Hoping for ...Ne5.} ({Predecessor:} 22... Nf2+ 23. Qxf2 Qa5 24. Rd5 Qc7 25. Rc5 Qd6 26. Rh5 Kh8 27. Qh4 Qc7 28. c3 b5 {1-0 Maiko,J (2189)-Kostiukova,L UKR-ch U18 Girls 2001}) 23. fxg4 {[%emt 0:00:35] Black must now prevent g5.} h6 {[%emt 0:01:00] Black is weak on the light squares} (23... Kh8 24. Re4 Qg7) 24. Rd2 {[%emt 0:03:08] Threatens to win with Rde2.} b6 25. Rde2 (25. Qh5 $18) 25... Ra7 $16 26. Re8 (26. Bd5 $16 Qc5 27. Qh5) 26... Qc5 $14 27. c3 Rc7 28. Qh3 {[%emt 0:04:36] White is more active.} ({White should play} 28. R1e4 $16) 28... Rxe8 $1 $11 29. Rxe8 $40 {[%emt 0:00:14][%mdl 128] Black needs to defend precisely.} Rf7 $2 30. Bxf7 $18 {[%emt 0:01:11] White is clearly winning.} Kxf7 31. Rh8 Qe3 32. Qh5+ Ke7 33. Re8+ {[%emt 0:00:07][%mdl 64] Skewer.   Weighted Error Value: White=0.62/Black=0.46} ({And not} 33. Rxc8 Qe1+ 34. Kh2 Qg3+ 35. Kh1 Qe1+ 36. Kh2 Qg3+ 37. Kh1 Qe1+ $11) 1-0